 Dungeon Crawl Stone Soup version 0.28.0-53-g5a82cb258f (webtiles) character file.

Game seed: 6901036057157082681

68 Sin92 the Magician (level 4, -1/31 HPs)
             Began as a Demonspawn Hedge Wizard on July 8, 2022.
             Was an Initiate of Sif Muna.
             Slain by Robin
             ... wielding a +2 short sword of draining
              (5 damage)
             ... on level 3 of the Dungeon.
             The game lasted 00:05:58 (2998 turns).

Sin92 the Magician (Demonspawn Hedge Wizard)        Turns: 2998, Time: 00:05:59

Health: -1/31      AC:  2    Str: 11    XL:     4   Next: 1%
Magic:  8/8        EV: 12    Int: 15    God:    Sif Muna [......]
Gold:   53         SH:  0    Dex: 14    Spells: 5/9 levels left

rFire   . . .      SeeInvis +   g - +3 whip (freeze)
rCold   . . .      Faith    .   (no shield)
rNeg    + . .      Spirit   .   b - +0 robe
rPois   .          Reflect  .   c - +0 hat
rElec   .          Harm     .   (no cloak)
rCorr   .          Rampage  .   (no gloves)
Will    .....                   (no boots)
Stlth   ++........              (no amulet)
HPRegen 0.10/turn               d - ring of see invisible
MPRegen 0.11/turn               e - ring of positive energy

@: no status effects
A: horns 2, foul stench 1
a: Renounce Religion


You were on level 3 of the Dungeon.
You worshipped Sif Muna.
Sif Muna was noncommittal.
You visited 1 branch of the dungeon, and saw 3 of its levels.

You collected 53 gold pieces.

Inventory:

Hand Weapons
 a - a +0 dagger
 g - a +3 whip of freezing (weapon)
Armour
 b - a +0 robe (worn)
 c - a +0 hat (worn)
Jewellery
 d - a ring of see invisible (left hand)
 e - a ring of positive energy (right hand)


   Skills:
 + Level 0.7 Fighting
 - Level 0.5 Short Blades
 * Level 0.8 Maces & Flails
 + Level 0.7 Armour
 - Level 2.0 Dodging
 - Level 2.0 Stealth
 + Level 3.3 Spellcasting
 + Level 1.5 Conjurations
 + Level 1.4 Summonings
 + Level 1.2 Translocations


You had 5 spell levels left.
You knew the following spells:

 Your Spells              Type           Power      Damage    Failure   Level
a - Magic Dart            Conj           28%        1d4       10%         1
b - Blink                 Tloc           12%        N/A       19%         2
c - Slow                  Hex            8%         N/A       21%         1

Your spell library contained the following spells:

 Spells                   Type           Power      Damage    Failure   Level
 Call Imp                 Summ           6%         N/A       16%         2
 Conjure Flame            Conj/Fire      4%         6-21      38%         3
 Mephitic Cloud           Conj/Pois/Air  4%         N/A       43%         3


Dungeon Overview and Level Annotations

Branches:
Dungeon (3/15)

Altars:
Sif Muna
Yredelemnul

Annotations:
D:3 Robin


Innate Abilities, Weirdness & Mutations

You have a pair of horns on your head.
You may rarely emit foul miasma when damaged in melee.


Message History

Your +2 whip of freezing glows red for a moment.
Robin throws the goblin at you! The goblin barely misses you.
The goblin misses you.
You see here a +0 dagger.
You hit the goblin. You freeze the goblin.
You kill the goblin!
Sif Muna accepts your kill. The goblin hits you with a +0 club.
You hit the goblin. You freeze the goblin.
You kill the goblin!
Sif Muna accepts your kill. The goblin barely misses you.
Robin throws the goblin at you!
A hobgoblin comes into view.
The goblin hits you with a +0 club.
You whack the goblin! You freeze the goblin.
You kill the goblin!
Sif Muna accepts your kill. The goblin misses you.
You closely miss the hobgoblin. The goblin barely misses you.
The hobgoblin closely misses you.
You hit the hobgoblin. You freeze the hobgoblin.
The hobgoblin is almost dead.
The hobgoblin no longer looks unusually strong.
The goblin hits you but does no damage. The hobgoblin hits you.
You hit the hobgoblin. You freeze the hobgoblin.
You kill the hobgoblin!
Sif Muna accepts your kill. The goblin closely misses you.
The goblin hits you with a +0 club.
* * * LOW HITPOINT WARNING * * *
You have reached level 4!
You feel stronger.
Your demonic ancestry asserts itself...
The horns on your head grow some more.
You aren't carrying any potions.
You hit Robin. You freeze Robin. You headbutt Robin.
Robin is heavily wounded.
Robin closely misses you. The goblin closely misses you.
You barely miss Robin.
Robin is heavily wounded.
Robin hits you with a +2 short sword of draining.
You die...

...# #..# # #.#
####..##.### #.#
............ ..#
####..##.#######.#
#..............#.#
..##..##.#####.#g#
..##..##.# #.#g#
..##..##.# #.#@#
..##..##.# #.#g##.#
..#......#####.))...#
..#.................#
#.#.....######.#.###.#
#.##+#### #.#.# # #.#
#.#.# #.# #.#.# #.#
.....


You could see Robin, a hobgoblin (strong) and a goblin (strong).

Vanquished Creatures
  2 adders (D:2)
  A worm (D:2)
  6 endoplasms
  3 giant cockroaches
  8 goblins
  5 hobgoblins
  2 kobolds (D:2)
  3 ball pythons
  7 bats
  4 frilled lizards
  4 rats
45 creatures vanquished.

Notes
Turn   | Place    | Note
-------+----------+-------------------------------------------
     0 | D:1      | Sin92 the Demonspawn Hedge Wizard began the quest for the
                  | Orb.
     0 | D:1      | Reached XP level 1. HP: 13/13 MP: 4/4
   266 | D:1      | Reached skill level 1 in Translocations
   384 | D:1      | Gained mutation: You have a pair of small horns on your
                  | head. [demonic ancestry]
   384 | D:1      | Reached XP level 2. HP: 4/19 MP: 0/6
  1452 | D:1      | Found a faded altar of an unknown god.
  1660 | D:2      | Learned a level 2 spell: Blink
  1662 | D:2      | Learned a level 1 spell: Slow
  1704 | D:2      | Gained mutation: You may rarely emit foul miasma when
                  | damaged in melee. [demonic ancestry]
  1704 | D:2      | Reached XP level 3. HP: 21/25 MP: 1/7
  1997 | D:2      | Found a shimmering blue altar of Sif Muna.
  2009 | D:2      | Became a worshipper of Sif Muna the Loreminder
  2545 | D:1      | Found a basalt altar of Yredelemnul.
  2981 | D:3      | Noticed Robin
  2997 | D:3      | Gained mutation: You have a pair of horns on your head.
                  | [demonic ancestry]
  2997 | D:3      | Reached XP level 4. HP: 4/31 MP: 8/8
  2998 | D:3      | Slain by Robin

Illustrated notes

Levels and vault maps discovered:
D:1:      dpeg_arrival_lava_altar, layout_basic,
          shapermc_ecumenical_altar_mp_vishouse, kennysheep_doodads
D:2:      layout_basic, basic_altar
D:3:      layout_basic, lemuel_coloured_pillars_altar, serial_shops, shop,
          uniq_ijyb, uniq_robin, uniq_grinder

Skill      XL: |  1  2 |
---------------+-------+-----
Translocations | 1 |  1.2
Dodging        | 2 |  2.0
Stealth        | 2 |  2.0
Fighting       | |  0.7
Short Blades   | |  0.5
Maces & Flails | |  0.8
Armour         | |  0.7
Spellcasting   | |  3.3
Conjurations   | |  1.5
Summonings     | |  1.4

Action                   |  1- 3 |  4- 6 || total
-------------------------+-------+-------++-------
Melee: Dagger            |    31 |       ||    31
       Headbutt          |     6 |     1 ||     7
       Whip              |    21 |     2 ||    23
 Cast: Magic Dart        |    67 |       ||    67
  Use: Scroll            |     3 |       ||     3
       Potion            |     1 |       ||     1
 Stab: Sleeping          |     1 |       ||     1
       Distracted        |     1 |       ||     1
Armor: Robe              |    14 |       ||    14
Dodge: Dodged            |    40 |     2 ||    42
